 Dungeon Crawl Stone Soup version 0.29.0-4-gdea44cf6ec (webtiles) character file.

Game seed: 5782880643685704361

72 qw the Chopper (level 4, -3/39 HPs)
             Began as a Minotaur Fighter on Sept 9, 2022.
             Slain by a gnoll
             ... wielding a +0 flail
              (7 damage)
             ... on level 2 of the Dungeon.
             The game lasted 00:00:33 (1079 turns).

qw the Chopper (Minotaur Fighter)                   Turns: 1079, Time: 00:00:33

Health: -3/39      AC:  6    Str: 22    XL:     4   Next: 7%
Magic:  3/3        EV:  9    Int:  5    God:
Gold:   73         SH:  4    Dex: 10    Spells: 3/3 levels left

rFire   . . .      SeeInvis .   Y - +0 war axe
rCold   . . .      Faith    .   c - +0 buckler
rNeg    . . .      Spirit   .   b - +0 scale mail
rPois   .          Reflect  .   (helmet restricted)
rElec   .          Harm     .   (no cloak)
rCorr   .          Rampage  .   (no gloves)
Will    .....                   (no boots)
Stlth   ..........              (no amulet)
HPRegen 0.13/turn               (no ring)
MPRegen 0.08/turn               (no ring)

@: no status effects
A: horns 2, retaliatory headbutt
a: no special abilities


You were on level 2 of the Dungeon.
You visited 1 branch of the dungeon, and saw 2 of its levels.

You collected 73 gold pieces.


Innate Abilities, Weirdness & Mutations

You have a pair of horns on your head.
You reflexively headbutt those who attack you in melee.


   Skills:
 - Level 3.6 Fighting
 - Level 5.2 Axes
 - Level 3.6 Armour
 + Level 0.7 Dodging
 - Level 3.6 Shields


You had 3 spell levels left.
You didn't know any spells.
Your spell library was empty.

Inventory:

Hand Weapons
 g - a +0 whip
 Y - a +0 war axe (weapon)
Armour
 b - a +0 scale mail (worn)
 c - a +0 buckler (worn)
Potions
 d - a potion of might
 e - a potion of curing
 h - a potion of magic {unknown}
 j - a potion of heal wounds {unknown}

Dungeon Overview and Level Annotations

Branches:
Dungeon (2/15)

Altars:

Shops:
D:1 ?


Message History

The gnoll shouts!
You hit the gnoll.
The gnoll is moderately wounded.
You slash the gnoll! The gnoll hits you with a +0 spear.
The gnoll closely misses you. The gnoll hits you with a +0 spear.
You barely miss the gnoll.
The gnoll is severely wounded.
You closely miss the gnoll. The gnoll hits you with a +0 spear.
The gnoll hits you with a +0 flail.
You barely miss the gnoll.
The gnoll is severely wounded.
You completely miss the gnoll. The gnoll hits you with a +0 spear.
The gnoll barely misses you.
You closely miss the gnoll.
The gnoll is severely wounded.
You closely miss the gnoll. The gnoll hits you with a +0 spear.
The gnoll hits you but does no damage.
You closely miss the gnoll. Your headbutt misses the gnoll.
The gnoll is severely wounded.
You closely miss the gnoll. The gnoll hits you but does no damage.
You slash the gnoll!
You kill the gnoll!
You hit the gnoll but do no damage. The gnoll hits you but does no damage.
Your Axes skill increases to level 5!
You hit the gnoll. You headbutt the gnoll.
You kill the gnoll!
You hit the gnoll. The gnoll barely misses you.
You have reached level 4!
You feel agile.
You hit the gnoll.
The gnoll is severely wounded.
The gnoll hits you with a +0 flail. x2; The gnoll barely misses you.
You slash the gnoll!
You kill the gnoll!
You closely miss the gnoll. The gnoll hits you with a +0 flail!
You die...

....# ### #.....
#.###...# #......#
#......# #......#
#.####).....#
#....g@.....#
#######.....######
###.....###...#
........# #..<#
###.....# #...#
#.....###...#
#...........#
#########...#
##.##


You could see a gnoll.

Vanquished Creatures
  3 gnolls (D:2)
  An adder (D:2)
  A dart slug (D:2)
  3 ball pythons (D:1)
  3 endoplasms (D:1)
  A giant cockroach (D:1)
  3 goblins (D:1)
  4 hobgoblins (D:1)
  4 jackals (D:1)
  2 quokkas (D:1)
  7 bats (D:1)
  3 kobolds (D:1)
  7 rats
42 creatures vanquished.

Notes
Turn   | Place    | Note
-------+----------+-------------------------------------------
     0 | D:1      | qw the Minotaur Fighter began the quest for the Orb.
     0 | D:1      | Reached XP level 1. HP: 19/19 MP: 0/0
     0 | D:1      | 0 ||| qw: Version: 0.1-a-113-g051387a
     0 | D:1      | 0 ||| qw: Game counter: 6893
     0 | D:1      | 0 ||| qw: Always use a shield: true
     0 | D:1      | 0 ||| qw: God list: Ru
     0 | D:1      | 0 ||| qw: Allow faded altars: false
     0 | D:1      | 0 ||| qw: Do Orc after D:15 true
     0 | D:1      | 0 ||| qw: Do second Lair branch before Depths: true
     0 | D:1      | 0 ||| qw: Lair rune preference: random
     0 | D:1      | 0 ||| qw: Plans: Normal
     0 | D:1      | 0 ||| PLANNING D:1-11
     9 | D:1      | 9 ||| Stepping ~*~*~tactically~*~*~ (stealth).
    22 | D:1      | Reached skill level 3 in Axes
    26 | D:1      | Reached XP level 2. HP: 16/26 MP: 1/1
   161 | D:1      | 161 ||| DROPPING +0 club.
   276 | D:1      | Reached skill level 4 in Axes
   307 | D:1      | Found Raora's Magic Scroll Shoppe.
   314 | D:1      | 314 ||| SHOPLISTING scroll of brand weapon (95 gold, have
                  | 9).
   314 | D:1      | 314 ||| SHOPLISTING scroll of identify (20 gold, have 9).
   451 | D:1      | Reached XP level 3. HP: 31/31 MP: 2/2
   501 | D:1      | 501 ||| Stepping ~*~*~tactically~*~*~ (stealth).
   503 | D:1      | 503 ||| Stepping ~*~*~tactically~*~*~ (stealth).
   698 | D:1      | Found a faded altar of an unknown god.
   980 | D:1      | 980 ||| READING scroll labelled GONAJA REOL.
   981 | D:1      | 981 ||| READING scroll labelled SUUXOO BES HUR.
   982 | D:1      | 982 ||| READING scroll labelled CISKEA POMURE.
   983 | D:1      | 983 ||| READING scroll labelled ELOFER HUKK.
   986 | D:1      | 986 ||| DRINKING 2 bubbling puce potions.
  1077 | D:2      | Reached skill level 5 in Axes
  1078 | D:2      | Reached XP level 4. HP: 15/39 MP: 3/3
  1078 | D:2      | HP: 9/39 [gnoll/+0 flail (6)]
  1078 | D:2      | HP: 4/39 [gnoll/+0 flail (5)]
  1079 | D:2      | Slain by a gnoll

Levels and vault maps discovered:
D:1:      evilmike_arrival_plus, layout_loops_ring,
          shapermc_ecumenical_altar_venn, serial_shops, shop
D:2:      layout_basic, uniq_jessica

Skill      XL: |  1  2  3 |
---------------+----------+-----
Axes           | 3 4 5 |  5.2
Fighting       | |  3.6
Armour         | |  3.6
Dodging        | |  0.7
Shields        | |  3.6

Action                   |  1- 3 |  4- 6 || total
-------------------------+-------+-------++-------
Melee: War axe           |    84 |     2 ||    86
       Headbutt          |    14 |       ||    14
  Use: Scroll            |     4 |       ||     4
       Potion            |     1 |       ||     1
Armor: Scale mail        |    35 |       ||    35
Dodge: Dodged            |    18 |     1 ||    19
Block: Buckler           |    14 |       ||    14

Table legend:
 A = Non-vault XP
 B = Vault XP
 C = Vault XP percentage of total XP
 D = Non-vault monster count
 E = Vault monster count
 F = Vault count percentage of total count
                 A         B        C        D         E       F
            +---------+---------+-------+---------+---------+-------
      Total |     119 |       0 |   0.0 |      42 |       0 |   0.0
            +---------+---------+-------+---------+---------+-------
        D:1 |      59 |       0 |   0.0 |      36 |       0 |   0.0
        D:2 |      60 |       0 |   0.0 |       6 |       0 |   0.0
            +---------+---------+-------+---------+---------+-------
